 Dungeon Crawl Stone Soup version 0.26-a0-1181-gd376ed14c5 (webtiles) character file.

Game seed: 3323481118467136315

760 jestyr24 the Slasher (level 7, -2/91 HPs)
             Began as a Minotaur Monk on Dec 2, 2020.
             Was a Believer of Makhleb.
             Slain by a shadow imp (3 damage)
             ... summoned by Eustachio
             ... on level 5 of the Dungeon on Dec 26, 2020.
             The game lasted 00:27:56 (4594 turns).

jestyr24 the Slasher (Minotaur Monk)                Turns: 4594, Time: 00:27:56

Health: -2/91      AC: 12    Str: 16 (18) XL:     7   Next: 50%
Magic:  6/6        EV:  1    Int:  5 (7)  God:    Makhleb [**....]
Gold:   298        SH: 12    Dex:  9 (12) Spells: 6/6 levels left

rFire    . . .     SeeInvis .   a - +0 falchion
rCold    . . .     Faith    .   s - +0 tower shield
rNeg     . . .     Spirit   .   h - +1 plate armour
rPois    .         Reflect  .   (helmet restricted)
rElec    .         Harm     .   q - scarf {+Inv}
rCorr    .         Rampage  .   (no gloves)
Will     .....                  (no boots)
Stlth    ..........             (no amulet)
HPRegen  0.25/turn              i - ring of stealth
MPRegen  0.10/turn              (no ring)

@: berserking (expiring), lethally poisoned (-2 -> -17), hasted, very quick
A: retaliatory headbutt, horns 2
a: Renounce Religion, Evoke Invisibility, Minor Destruction


You were on level 5 of the Dungeon.
You worshipped Makhleb.
Makhleb was pleased with you.
You visited 1 branch of the dungeon, and saw 5 of its levels.

You collected 298 gold pieces.

Inventory:

Hand Weapons
 a - a +0 falchion (weapon)
 b - a +0 hunting sling
 f - a +4 vorpal glaive
 m - a +0 vorpal mace
 x - a +3 flail of protection
Missiles
 d - 8 boomerangs
 g - 75 stones (quivered)
 A - 5 atropa-tipped darts
 B - 23 poisoned darts
Armour
 h - a +1 plate armour (worn)
 q - a scarf of invisibility (worn)
 s - a +0 tower shield (worn)
Jewellery
 i - a ring of stealth (left hand)
Scrolls
 c - 7 scrolls of identify
 e - 5 scrolls of remove curse
 j - a scroll of noise
 l - a scroll of enchant armour
 n - a scroll of fear
 r - a scroll of blinking
 v - 2 scrolls of fog
Potions
 k - a potion of curing {unknown}
 o - 2 potions of brilliance {unknown}
 u - a potion of haste
 C - a potion of mutation {unknown}


   Skills:
 * Level 5.5 Fighting
 * Level 5.9 Long Blades
 - Level 3.1(3.5) Slings
 * Level 2.2(2.9) Throwing
 * Level 2.9 Armour
 * Level 4.4 Dodging
 - Level 2.0 Stealth
 * Level 3.3 Shields


You had 6 spell levels left.
You didn't know any spells.
Your spell library contained the following spells:

 Spells                   Type           Power        Failure   Level
 Shock                    Conj/Air       0%           100%        1
 Swiftness                Air            0%           100%        2
 Static Discharge         Conj/Air       0%           100%        3
 Airstrike                Air            0%           100%        4
 Lightning Bolt           Conj/Air       0%           100%        5


Dungeon Overview and Level Annotations

Branches:
Dungeon (5/15)
 Temple: D:4-7

Altars:
Makhleb
Qazlal

Shops:
D:4 *

Annotations:
D:5 Eustachio


Innate Abilities, Weirdness & Mutations

You reflexively headbutt those who attack you in melee.
You have a pair of horns on your head.


Message History

* * * LOW HITPOINT WARNING * * *
You feel sick. You block the ufetubus's attack. x2
The rat bites you but does no damage.
You slash the ufetubus!
You kill the ufetubus!
* * * LOW HITPOINT WARNING * * *
You feel sick. You block the shadow imp's attack. You block the rat's attack.
You slash Eustachio! You headbutt Eustachio!
Eustachio is almost dead.
* * * LOW HITPOINT WARNING * * *
You feel sick. You block the shadow imp's attack.
Eustachio hits you but does no damage. The rat barely misses you.
You riposte.
You slash the rat!
You kill the rat!
The rat's corpse disappears in a puff of smoke!
You miss Eustachio.
Eustachio is almost dead.
* * * LOW HITPOINT WARNING * * *
You feel sick. The shadow imp hits you.
You die...

#
########.......######
# #.......# ##......#
###....## ###..#####
###.....##
###........## #
##....#####.@##
####....## ##5@#
.##....## ##ยง#
.......# #..#
.......# #..#
.......# ##.#
.........# .#
.......... ..
.......#### ..
#......#


You could see Eustachio and a shadow imp (summoned).

Vanquished Creatures
  A water moccasin (D:5)
  Blork the orc (D:5)
  A howler monkey (D:5)
  A jelly (D:5)
  3 hounds
  An orc priest (D:4)
  3 orc wizards
  4 worker ants (D:4)
  A hound skeleton (D:4)
  Robin (D:3)
  8 adders
  A white imp (D:5)
  An ooze (D:3)
  3 worms
  5 dart slugs
  3 leopard geckos
  14 orcs
  A ball python (D:2)
  5 bats
  3 giant cockroaches
  11 goblins
  9 hobgoblins
  5 jackals
  3 quokkas
  A frilled lizard (D:3)
  7 kobolds
  2 rats
99 creatures vanquished.

Notes
Turn   | Place    | Note
-------+----------+-------------------------------------------
     0 | D:1      | jestyr24 the Minotaur Monk began the quest for the Orb.
     0 | D:1      | Reached XP level 1. HP: 19/19 MP: 0/0
   276 | D:1      | Reached XP level 2. HP: 26/27 MP: 1/1
   687 | D:2      | Reached XP level 3. HP: 25/33 MP: 2/2
   790 | D:2      | Reached skill level 1 in Slings
   849 | D:2      | Reached XP level 4. HP: 41/41 MP: 3/3
  1513 | D:3      | Reached XP level 5. HP: 46/47 MP: 4/4
  1625 | D:3      | Reached skill level 1 in Armour
  1642 | D:3      | Found a stormy altar of Qazlal.
  1929 | D:3      | Noticed Robin
  1969 | D:3      | Killed Robin
  2252 | D:4      | Reached skill level 1 in Shields
  2253 | D:4      | Reached skill level 5 in Long Blades
  2541 | D:4      | Reached skill level 5 in Fighting
  2541 | D:4      | Reached XP level 6. HP: 56/56 MP: 5/5
  3139 | D:4      | Found Rayvix's Assorted Antiques.
  3547 | D:4      | Found a burning altar of Makhleb.
  3552 | D:4      | Became a worshipper of Makhleb the Destroyer
  3552 | D:4      | Reached * piety under Makhleb
  3552 | D:4      | Reached ** piety under Makhleb
  3592 | D:4      | Upgraded the game from 0.26-a0-964-g69f9a3b9e2 to
                  | 0.26-a0-1181-gd376ed14c5
  3616 | D:5      | Entered Level 5 of the Dungeon
  3616 | D:5      | Noticed Blork the orc
  3633 | D:5      | Killed Blork the orc
  3634 | D:5      | Reached skill level 1 in Throwing
  3634 | D:5      | Reached XP level 7. HP: 38/61 MP: 6/6
  4559 | D:5      | Noticed Eustachio
  4592 | D:5      | HP: 4/91 [poisoned by Eustachio]
  4594 | D:5      | HP: 1/91 [poisoned by Eustachio]
  4594 | D:5      | Slain by a shadow imp

Illustrated notes

Levels and vault maps discovered:
D:1:      matt_arrival_los_fun, layout_basic
D:2:      minmay_evil_eye, layout_loops_cross
D:3:      layout_basic, nicolae_qazlal_general_emergency, uniq_robin
D:4:      layout_cave_pools, lightli_temple_of_fire, serial_shops, shop_statue
D:5:      layout_layer_cave, hangedman_minor_gate_pass, uniq_ijyb,
          uniq_eustachio, uniq_blork_the_orc

Skill      XL: |  1  2  3  4  5  6  7 |
---------------+----------------------+-----
Fighting       | 4 5 |  5.5
Long Blades    | 4 5 |  5.9
Slings         | 1 2 3 |  3.1
Stealth        | 2 |  2.0
Armour         | 1 2 |  2.9
Dodging        | 4 |  4.4
Shields        | 1 2 3 |  3.3
Throwing       | 1 2 |  2.2

Action                   |  1- 3 |  4- 6 |  7- 9 || total
-------------------------+-------+-------+-------++-------
Melee: Falchion          |    35 |   261 |    94 ||   390
       Headbutt          |     7 |    49 |    10 ||    66
 Fire: Hunting sling     |    24 |    40 |       ||    64
Throw: Stone             |       |     4 |       ||     4
Invok: Minor Destruction |       |     1 |       ||     1
  Use: Scroll            |     2 |     7 |       ||     9
       Potion            |       |       |     4 ||     4
 Stab: Sleeping          |     2 |       |       ||     2
Armor: Plate armour      |    46 |   166 |    85 ||   297
Dodge: Dodged            |    23 |    26 |     5 ||    54
Block: Tower shield      |       |   151 |    92 ||   243
       Rpst.: Falchion   |     4 |     7 |     4 ||    15

Table legend: (Time is in decaauts)
 A = Elapsed time spent in this place.
 B = Non-inter-level travel time spent in this place.
 C = Inter-level travel time spent in this place.
 D = Time resting spent in this place.
 E = Time spent auto-exploring this place.
 F = Levels seen in this place.
 G = Mean time per level.
                   A        B        C        D        E       F      G
               +--------+--------+--------+--------+--------+-----+--------+
         Total |   4665 |   4548 |    117 |   1193 |   1986 |   5 |  933.0 |
       Dungeon |   4665 |   4548 |    117 |   1193 |   1986 |   5 |  933.0 |
               +--------+--------+--------+--------+--------+-----+--------+

Top non-repeatable levels by time:
     D:3: 1152 daAuts
     D:4: 1137 daAuts
     D:5: 991 daAuts
     D:2: 732 daAuts
     D:1: 651 daAuts
